F3riG vs Rei

Match 23873531
End
Kettenkrad Recon Vehicle
Construct Infanterie Kompanie
Grenadier Squad
Grenadier Squad
MG 42 Machine Gun Team
Grenadier Squad
Infanterie Officer Quarters
Construct Panzergrenadier Kompanie
Panzergrenadier Squad
GrW 34 Mortar Team
Selects Luftwaffe Battlegroup
Selects Luftwaffe Pioneer Support
Selects Luftwaffe Combat Group
Luftwaffe Combat Group
Pak 40 Anti-tank Gun Team
Selects Infantry Reserves
Construct Panzer Kompanie
Selects Reconnaissance Run
Selects Fallschirmjäger Squad Paradrop
Sturmpanzer IV Brummbär
Selects Stuka Loiter
Stuka Loiter
Stoßtruppen Squad
Panzer IV Medium Tank
Stuka Loiter
Pioneer Squad
Panzer Officer Quarters
Stuka Loiter
Panzer IV Medium Tank
Stuka Loiter
FeriG
Rei
0
0

Comments sign in to comment!

No comments posted yet!